 Dungeon Crawl Stone Soup version 0.31-a0-188-g5e087ee2ca (webtiles) character file.

Game seed: 8786602454370897180

84 qw the Shooter (level 4, 0/25 HPs)
             Began as a Deep Elf Hunter on June 22, 2023.
             Slain by a gnoll
             ... wielding a +0 whip
              (6 damage)
             ... on level 2 of the Dungeon.
             The game lasted 00:00:54 (2029 turns).

qw the Shooter (Deep Elf Hunter)                    Turns: 2029, Time: 00:00:54

Health: 0/25       AC:  4    Str:  9 (10) XL:     4   Next: 23%
Magic:  6/6        EV: 12    Int: 14      God:
Gold:   173        SH:  0    Dex: 18      Spells: 3/3 levels left

rFire   . . .        Y - +1 shortbow
rCold   . . .        (shield currently unavailable)
rNeg    . . .        c - +0 leather armour
rPois   .            (no helmet)
rElec   .            (no cloak)
rCorr   .            e - +0 pair of gloves
SInv    .            (no boots)
Will    .....        g - amulet of faith
Stlth   ++           (no ring)
HPRegen 0.24/turn    (no ring)
MPRegen 0.10/turn

%: faith
@: weak-willed, enlightened, flying
A: no striking features
a: no special abilities


You were on level 2 of the Dungeon.
You visited 1 branch of the dungeon, and saw 3 of its levels.

You collected 173 gold pieces.


   Skills:
 - Level 1.5 Fighting
 + Level 7.6 Ranged Weapons
 - Level 2.4 Dodging
 - Level 1.2 Stealth


You had 3 spell levels left.
You didn't know any spells.
Your spell library was empty.

Inventory:

Hand Weapons
 Y - a +1 shortbow (weapon)
Armour
 c - a +0 leather armour (worn)
 e - a +0 pair of gloves (worn)
Jewellery
 g - an amulet of faith (around neck)
 h - an amulet of the acrobat
Scrolls
 k - a scroll of identify
Potions
 a - a potion of heal wounds {unknown}
 b - a potion of mutation {unknown}
 f - a potion of lignification {unknown}
 j - a potion of enlightenment

Dungeon Overview and Level Annotations

Branches:
Dungeon (3/15)

Altars:

Shops:
D:1 !


Message History

It was a potion of enlightenment.
You feel very buoyant.
You fly up into the air.
Done exploring.
(D) Dungeon
Where to? (* - list waypoints, Enter - D:3, ? - help)
What level of the Dungeon? (default 1, ? - help)
You fly downwards.
The gnoll hits you with a +0 whip. The gnoll misses you.
There is a stone staircase leading up, spattered with blood here.
2019 ||| STAIRDANCE The gnoll barely misses you.
The gnoll misses you.
You fly upwards.
There is a stone staircase leading down here.
You shoot an arrow. The arrow hits the gnoll!
The gnoll is heavily wounded.
The gnoll hits you with a +0 whip. The gnoll barely misses you.
You shoot an arrow. The arrow hits the gnoll.
The gnoll is almost dead.
The gnoll hits you with a +0 whip. The gnoll hits you but does no damage.
You shoot an arrow. The arrow completely misses the gnoll.
The gnoll hits you but does no damage. The gnoll closely misses you.
You shoot an arrow. The arrow hits the gnoll.
You kill the gnoll!
The gnoll hits you with a +0 whip.
You feel your strength returning.
You shoot an arrow.
The arrow hits the gnoll but does no damage.
The gnoll misses you.
You shoot an arrow.
The arrow hits the gnoll but does no damage.
The gnoll closely misses you.
You shoot an arrow. The arrow hits the gnoll.
The gnoll is lightly wounded.
The gnoll barely misses you.
You shoot an arrow. The arrow hits the gnoll.
The gnoll is moderately wounded.
The gnoll barely misses you. The gnoll hits you with a +0 whip.
You shoot an arrow. The arrow closely misses the gnoll.
The gnoll hits you with a +0 whip.
You die...

#######.%#######.#
..............##.#
.....%...####.##.# .........#
#.##.# .........# #.##.#
.........# #.##.#
.....)...####.##.#
.)............##g#
.........#######@# .........#
#)# .........# #.# .........#
#.################ ##########
#.................
##########################.
####................>......##.
#.....###.............####.##.
#.##..# #.#########)..# #.##.


You could see a gnoll.

Vanquished Creatures
  2 gnolls
  A worm (D:3)
  4 dart slugs
  8 endoplasms
  3 giant cockroaches
  7 goblins
  2 hobgoblins
  2 jackals
  5 kobolds
  A quokka (D:2)
  3 ball pythons
  6 bats
  3 frilled lizards
  7 rats
54 creatures vanquished.

Notes
Turn   | Place    | Note
-------+----------+-------------------------------------------
     0 | D:1      | qw the Deep Elf Hunter began the quest for the Orb.
     0 | D:1      | Reached XP level 1. HP: 12/12 MP: 3/3
     0 | D:1      | 0 ||| qw: Version: 0.3-a-9-g12657ce
     0 | D:1      | 0 ||| qw: Game counter: 3019
     0 | D:1      | 0 ||| qw: Always use a shield: true
     0 | D:1      | 0 ||| qw: God list: Okawaru
     0 | D:1      | 0 ||| qw: Allow faded altars: false
     0 | D:1      | 0 ||| qw: Do Orc after D:15 true
     0 | D:1      | 0 ||| qw: Do second Lair branch before Depths: true
     0 | D:1      | 0 ||| qw: Lair rune preference: random
     0 | D:1      | 0 ||| qw: Plans: Normal
     0 | D:1      | 0 ||| PLANNING D:1-11
    70 | D:1      | 70 ||| DROPPING scroll of butterflies.
    93 | D:1      | 93 ||| DRINKING 2 purple potions.
    94 | D:1      | 94 ||| DROPPING potion of degeneration.
   145 | D:1      | Found Faigoa Vysim's Distillery.
   149 | D:1      | 149 ||| SHOPLISTING potion of curing (36 gold, have 12).
   149 | D:1      | 149 ||| SHOPLISTING potion of heal wounds (60 gold, have
                  | 12).
   149 | D:1      | 149 ||| SHOPLISTING potion of might (48 gold, have 12).
   149 | D:1      | 149 ||| SHOPLISTING potion of mutation (96 gold, have 12).
   149 | D:1      | 149 ||| SHOPLISTING potion of resistance (120 gold, have
                  | 12).
   300 | D:1      | Reached XP level 2. HP: 16/16 MP: 4/4
   314 | D:1      | Reached skill level 6 in Ranged Weapons
   431 | D:1      | 431 ||| FLEEEEING.
   432 | D:1      | 432 ||| FLEEEEING.
   433 | D:1      | 433 ||| FLEEEEING.
   845 | D:1      | 845 ||| UPGRADING to +0 pair of gloves.
   850 | D:1      | 850 ||| READING scroll labelled ELEFIR BIRUXYO.
   851 | D:1      | 851 ||| READING scroll labelled JAMEEN LUNOMP.
  1040 | D:2      | Reached XP level 3. HP: 20/20 MP: 5/5
  1341 | D:2      | Reached skill level 7 in Ranged Weapons
  1563 | D:2      | 1563 ||| UPGRADING to amulet of faith.
  1568 | D:2      | 1568 ||| READING scroll labelled QEXTEC TAZAJO.
  1573 | D:2      | 1573 ||| READING scroll labelled TANLUE NETI.
  1612 | D:2      | 1612 ||| READING scroll labelled WUXAPS FUTUNKU.
  1613 | D:2      | 1613 ||| READING scroll labelled WAQ ILESITAWE.
  1651 | D:3      | 1651 ||| STAIRDANCE
  1925 | D:3      | HP: 3/20 [gnoll/+0 halberd (14)]
  1928 | D:3      | Reached XP level 4. HP: 4/25 MP: 6/6
  1928 | D:3      | 1928 ||| FLEEEEING.
  1929 | D:3      | 1929 ||| FLEEEEING.
  1930 | D:3      | 1930 ||| FLEEEEING.
  1931 | D:3      | 1931 ||| FLEEEEING.
  1933 | D:3      | 1933 ||| FLEEEEING.
  1934 | D:3      | 1934 ||| FLEEEEING.
  1935 | D:3      | 1935 ||| FLEEEEING.
  1936 | D:3      | 1936 ||| FLEEEEING.
  1937 | D:3      | 1937 ||| FLEEEEING.
  1938 | D:3      | 1938 ||| FLEEEEING.
  1939 | D:3      | 1939 ||| FLEEEEING.
  1940 | D:3      | 1940 ||| FLEEEEING.
  1941 | D:3      | 1941 ||| FLEEEEING.
  1942 | D:3      | 1942 ||| FLEEEEING.
  1943 | D:3      | 1943 ||| FLEEEEING.
  1944 | D:3      | 1944 ||| FLEEEEING.
  1945 | D:3      | 1945 ||| FLEEEEING.
  1946 | D:3      | 1946 ||| FLEEEEING.
  1947 | D:3      | 1947 ||| FLEEEEING.
  1948 | D:3      | 1948 ||| FLEEEEING.
  1949 | D:3      | 1949 ||| FLEEEEING.
  1950 | D:3      | 1950 ||| FLEEEEING.
  1951 | D:3      | 1951 ||| FLEEEEING.
  1952 | D:3      | 1952 ||| FLEEEEING.
  1953 | D:3      | 1953 ||| FLEEEEING.
  1954 | D:3      | 1954 ||| FLEEEEING.
  1955 | D:3      | 1955 ||| FLEEEEING.
  1956 | D:3      | 1956 ||| FLEEEEING.
  1957 | D:3      | 1957 ||| FLEEEEING.
  1958 | D:3      | 1958 ||| FLEEEEING.
  1959 | D:3      | 1959 ||| STAIRDANCE
  2013 | D:2      | 2013 ||| READING scroll labelled OTZEUSCH NEARPHU.
  2014 | D:2      | 2014 ||| READING scroll labelled JIMUEGO ONEIPS.
  2015 | D:2      | 2015 ||| READING 2 scrolls labelled DIENKODYEL.
  2016 | D:2      | 2016 ||| DRINKING 2 fuming golden potions.
  2019 | D:3      | 2019 ||| STAIRDANCE
  2028 | D:2      | HP: 6/25 [gnoll/+0 whip (6)]
  2029 | D:2      | Slain by a gnoll

Levels and vault maps discovered:
D:1:      dpeg_arrival_pits, layout_rooms, serial_co_window_serial,
          co_window_paths_a, co_window_paths_a, co_window_of_opportunity_a,
          co_window_corner_a, co_window_corner_a, co_window_corner_b,
          co_window_of_opportunity_b, co_window_of_opportunity_b,
          co_window_broadway_c, co_window_broadway_b, co_window_paths_c,
          co_window_paths_c, co_window_paths_e, glass_columns_c,
          glass_columns_a, serial_shops, nicolae_shop_back_alley_shop
D:2:      layout_basic
D:3:      layout_loops_cross

Skill      XL: |  1  2  3 |
---------------+----------+-----
Ranged Weapons | 6 7 |  7.6
Fighting       | |  1.5
Dodging        | |  2.4
Stealth        | |  1.2

Action                     |  1- 3 |  4- 6 || total
---------------------------+-------+-------++-------
   Fire: Shortbow          |   150 |     9 ||   159
    Use: Potion            |     1 |     1 ||     2
         Scroll            |     6 |     3 ||     9
 Armour: Leather armour    |    10 |     2 ||    12
  Dodge: Dodged            |    25 |     9 ||    34

Table legend:
 A = Non-vault XP
 B = Vault XP
 C = Vault XP percentage of total XP
 D = Non-vault monster count
 E = Vault monster count
 F = Vault count percentage of total count
                 A         B        C        D         E       F
            +---------+---------+-------+---------+---------+-------
      Total |     120 |       0 |   0.0 |      54 |       0 |   0.0
            +---------+---------+-------+---------+---------+-------
        D:1 |      29 |       0 |   0.0 |      17 |       0 |   0.0
        D:2 |      55 |       0 |   0.0 |      26 |       0 |   0.0
        D:3 |      36 |       0 |   0.0 |      11 |       0 |   0.0
            +---------+---------+-------+---------+---------+-------
